cohdb
Replays
Latest Replays
All Replays
Popular Replays
Top Player Replays
Match Explorer
How It Works
Community
CoH3 Stats
Reddit
Sign in to upload your games and track your stats! →
Sign in with Steam
Match 37942534
Unlisted
Match 37942534
Overview
Messages
Build Orders
End
Kradschützen Motorcycle Team
Panzerpioneer Squad
Panzerpioneer Squad
Selects Italian Infantry
Panzerpioneer Squad
Construct Light Support Kompanie
Selects Defensive Operations
2.5-tonne Medical Truck
Fire Support Elements
Construct Panzerarmee Kommand
Selects Prepared Positions
Selects Prepared Positions
Walking Stuka Rocket Launcher
Assault Mechanized Group
ArtyNoob
Apox
..................
CPU - VERY EASY
JôJô
MY:OATZ
勇爷来也
Aranne
0
0
Comments
sign in to comment!
No comments posted yet!